 Dungeon Crawl Stone Soup version 0.30.1 (webtiles) character file.

Game seed: 11177504450638345038

19 javelincjr the Caller (level 2, 0/20 HPs)
             Began as a Demonspawn Summoner on July 5, 2023.
             Slain by a quokka (1 damage)
             ... on level 1 of the Dungeon.
             The game lasted 00:03:03 (856 turns).

javelincjr the Caller (Demonspawn Summoner)          Turns: 856, Time: 00:03:03

Health: 0/20       AC:  3    Str:  8    XL:     2   Next: 55%
Magic:  2/5        EV: 12    Int: 16    God:
Gold:   67         SH:  0    Dex: 13    Spells: 2/5 levels left

rFire   + . .        c - +0 hand axe
rCold   + . .        (no shield)
rNeg    . . .        a - +0 robe
rPois   +            g - +0 helmet
rElec   +            (no cloak)
rCorr   +            (no gloves)
SInv    .            (no boots)
Will    .....        (no amulet)
Stlth   ++           (no ring)
HPRegen 0.23/turn    (no ring)
MPRegen 0.09/turn

%: no passive effects
@: resistant
A: claws 1
a: no special abilities


You were on level 1 of the Dungeon.
You visited 1 branch of the dungeon, and saw 1 of its levels.

You collected 67 gold pieces.

Inventory:

Hand Weapons
 c - a +0 hand axe (weapon)
Armour
 a - a +0 robe (worn)
 g - a +0 helmet (worn)
Scrolls
 d - 2 scrolls of identify {unknown}
 e - a scroll of vulnerability {unknown}
 f - a scroll of poison {unknown}
Potions
 b - a potion of magic


   Skills:
 + Level 0.5 Fighting
 + Level 2.0 Dodging
 + Level 2.1 Stealth
 + Level 2.2 Spellcasting
 + Level 4.1 Summonings


You had 2 spell levels left.
You knew the following spells:

 Your Spells              Type           Power      Damage    Failure   Level
a - Summon Small Mammal   Summ           60%        N/A       3%          1
b - Call Imp              Summ           30%        N/A       5%          2

Your spell library contained the following spells:

 Spells                   Type           Power      Damage    Failure   Level
 Call Canine Familiar     Summ           15%        N/A       11%         3
 Summon Guardian Golem    Hex/Summ       8%         N/A       26%         3
 Summon Lightning Spire   Summ/Air       8%         N/A       65%         4


Dungeon Overview and Level Annotations

Branches:
Dungeon (1/15)

Altars:


Innate Abilities, Weirdness & Mutations

You have sharp fingernails.


Message History

A kobold comes into view.
It is wielding a +1 whip of electrocution.
The helpless bat fails to defend itself.
You hit the bat.
The bat is severely wounded.
The bat hits you but does no damage.
The kobold shouts!
The bat closely misses you. The bat misses you.
A quokka comes into view.
You hit the bat.
You kill the bat!
Your magical contamination has completely faded away.
Found a fuming grey potion.
Your cerulean imp completely misses the kobold.
You enter the shallow water.
Moving in this stuff is going to be slow.
The kobold closely misses you.
Your cerulean imp barely misses the kobold.
You hit the kobold.
The kobold is moderately wounded.
The kobold hits you with a +1 whip of electrocution.
You are electrocuted!
Ouch! That really hurt!
* * * LOW HITPOINT WARNING * * *
Your cerulean imp barely misses the kobold.
The kobold attacks as you move away!
The kobold hits you with a +1 whip of electrocution.
* * * LOW HITPOINT WARNING * * *
Your cerulean imp hits the kobold from afar with a -3 spear.
The kobold dies!
You hear a splash.
The quokka bites you.
* * * LOW HITPOINT WARNING * * *
It was a potion of resistance.
You feel protected. The quokka misses you.
Your cerulean imp hits the quokka but does no damage.
You barely miss the quokka. The quokka closely misses you.
Your cerulean imp completely misses the quokka.
The quokka bites you.
You die...

##### ####....
#.....##
#......#.#
##.5⌠~....#
####..)~~.###
#....@r.......
#.####....###.
####.# #.......
#....# #..#.###
#.#### #..#!# #.#
#### # #.#
#########.######.#
.........>.......#


You could see a quokka (ally target) and a friendly cerulean imp (summoned).

Vanquished Creatures
  An endoplasm (D:1)
  2 hobgoblins (D:1)
  2 kobolds (D:1)
  2 bats (D:1)
  A frilled lizard (D:1)
  2 goblins (D:1)
  3 rats (D:1)
13 creatures vanquished.

Vanquished Creatures (collateral kills)
  2 endoplasms (D:1)
  A goblin (D:1)
  A frilled lizard (D:1)
  A kobold (D:1)
  A rat (D:1)
6 creatures vanquished.

Grand Total: 19 creatures vanquished

Notes
Turn   | Place    | Note
-------+----------+-------------------------------------------
     0 | D:1      | javelincjr the Demonspawn Summoner began the quest for the
                  | Orb.
     0 | D:1      | Reached XP level 1. HP: 13/13 MP: 3/3
   165 | D:1      | Gained mutation: You have sharp fingernails. [demonic
                  | ancestry]
   165 | D:1      | Reached XP level 2. HP: 17/19 MP: 1/5
   168 | D:1      | Learned a level 2 spell: Call Imp
   854 | D:1      | HP: 1/20 [quokka (4)]
   856 | D:1      | Slain by a quokka

Illustrated notes

Levels and vault maps discovered:
D:1:      onia_arrival_handbag, layout_basic, serial_shops,
          nicolae_shop_rolled_up, corexii_leaking_fountain

Skill      XL: |  1 |
---------------+----+-----
Stealth        | 2 |  2.1
Dodging        | 2 |  2.0
Fighting       | |  0.5
Spellcasting   | |  2.2
Summonings     | |  4.1

Action                     || total
---------------------------++-------
  Melee: Hand axe          ||    35
         Unarmed           ||     7
   Cast: Summon Small Mamm ||    11
         Call Imp          ||     6
    Use: Potion            ||     1
   Stab: Sleeping          ||     2
 Armour: Robe              ||     7
  Dodge: Dodged            ||    39
